 Dungeon Crawl Stone Soup version 0.18-a0-822-gb52b7b4 (webtiles) character file.

10 glosham the Caller (level 2, -3/20 HPs)
             Began as a Demigod Summoner on Dec 16, 2015.
             Slain by a hobgoblin (5 damage)
             ... on level 1 of the Dungeon.
             The game lasted 00:05:40 (247 turns).

glosham the Caller (Demigod Summoner)                Turns: 247, Time: 00:05:40

Health: -3/20      AC:  2    Str: 11    XL:     2   Next: 0%
Magic:  1/7        EV: 12    Int: 19    God:
Gold:   7          SH:  0    Dex: 16    Spells: 1 memorised, 3 levels left

rFire  . . .     SeeInvis .     a - +0 short sword
rCold  . . .     Gourm    .     X - +0 robe
rNeg   . . .     Faith    .     (no shield)
rPois  .         Spirit   .     (no helmet)
rElec  .         Dismiss  .     (no cloak)
rCorr  .         Reflect  .     (no gloves)
SustAt +         Harm     .     (no boots)
MR     .....                    (no amulet)
Stlth  ++........               (no ring)
                                (no ring)

@: lethally poisoned (-3 -> -12), very slightly contaminated, invisible, not
resistant to hostile enchantments, unstealthy
A: high mp 1, sustain attributes
a: no special abilities


You were on level 1 of the Dungeon.
You were not hungry.

You visited 1 branch of the dungeon, and saw 1 of its levels.

You collected 7 gold pieces.

Inventory:

Hand Weapons
 a - a +0 short sword (weapon)
Missiles
 d - 16 arrows of flame
 e - 23 sling bullets
 h - 13 stones (quivered)
Armour
 X - a +0 robe (worn)
 Z - a +0 shield
Books
 c - a book of Callings

   Spells                             Type                      Level
   a - Summon Small Mammal            Summoning                    1
   b - Call Imp                       Summoning                    2
   c - Call Canine Familiar           Summoning                    3
   d - Summon Guardian Golem          Hexes/Summoning              3
   e - Summon Lightning Spire         Summoning/Air                4
   f - Summon Ice Beast               Ice/Summoning                4
Comestibles
 b - a bread ration
 f - a royal jelly
 g - 7 chunks of flesh
 i - a meat ration


   Skills:
 - Level 1.7 Dodging
 - Level 1.7 Stealth
 - Level 1.7 Spellcasting
 * Level 4.1 Summonings


You had 3 spell levels left.
You knew the following spells:

 Your Spells              Type           Power        Failure   Level  Hunger
m - Summon Small Mammal   Summ           ###.         3%          1    #......


Dungeon Overview and Level Annotations

Branches:
Dungeon (1/15)


Innate Abilities, Weirdness & Mutations

You have an increased reservoir of magic (+10% MP).
Your attributes are resistant to harm.


Message History

Your quokka dies!
Your quokka's corpse disappears in a puff of smoke!
The jackal misses your quokka.
Your quokka completely misses the kobold.
Some of the chunks of flesh in your inventory have rotted away.
The jackal bites your quokka but does no damage.
Your quokka misses the jackal.
Casting: Summon Small Mammal
Confirm with . or Enter, or press ? or * to list all spells.
The jackal closely misses your quokka. The kobold barely misses you.
Your quokka closely misses the jackal.
The jackal misses your quokka.
The kobold hits you with a whip of venom.
You are lethally poisoned!
Your quokka bites the jackal.
The jackal bites your quokka.
Your quokka dies!
Your quokka's corpse disappears in a puff of smoke!
Your rat bites the kobold.
The kobold dies!
You feel sick.
You see here a whip of venom.
You swap places.
You feel sick.
Casting: Summon Small Mammal
Confirm with . or Enter, or press ? or * to list all spells.
* * * LOW HITPOINT WARNING * * *
You feel sick. The jackal bites you.
* * * LOW HITPOINT WARNING * * *
The jackal bites you but does no damage.
Your rat bites the jackal.
The jackal dies!
You have reached level 2!
Drink which item? (? for menu, Esc to quit)
It was a potion of invisibility.
You fade into invisibility!
* * * LOW HITPOINT WARNING * * *
You feel sick. The jackal closely misses you.
You are very lightly contaminated with residual magic.
You closely miss the jackal.
The jackal is heavily wounded.
The hobgoblin hits you.
You die...

# .....#...............# .#
.....................#
.###.g....##.....####.....#
.####.##.%...?...†..........>##
.......+..#######.#.####...#.# .
##..#........#.#..# ##..#.#
.###.#.#..........##.# ##..#.####
#.#.##.#.......rgr...###........#
##.###.#........@h...#...##.#.÷.#
#.#.##.#...............####..####
.###.#.#..................##..#
.####..#................#.###.#
<......'.........#......#.###.##
.####.##.............####......#
.###.###.............# ########
.##.## #.............#
.#.#####÷............#


You could see a jackal, a hobgoblin, a friendly quokka and a friendly rat.

Vanquished Creatures
  2 bats (D:1)
  2 rats (D:1)
4 creatures vanquished.

Vanquished Creatures (collateral kills)
  A hobgoblin (D:1)
  3 jackals (D:1)
  2 kobolds (D:1)
  A bat (D:1)
  2 rats (D:1)
9 creatures vanquished.

Grand Total: 13 creatures vanquished

Notes
Turn   | Place    | Note
--------------------------------------------------------------
     0 | D:1      | glosham the Demigod Summoner began the quest for the Orb.
     0 | D:1      | Reached XP level 1. HP: 14/14 MP: 5/5
   168 | D:1      | Reached skill level 4 in Summonings
   245 | D:1      | Reached XP level 2. HP: 2/20 MP: 1/7
   246 | D:1      | HP: 1/20 [poisoned by a kobold]
   247 | D:1      | Slain by a hobgoblin

Vault maps used:
D:1:      roderic_octagonal_star, kennysheep_nondescript

Action                   || total
-------------------------++-------
Melee: Short sword       ||    15
       Unarmed           ||     8
 Cast: Summon Small Mamm ||    13
  Use: Potion            ||     1
 Stab: Sleeping          ||     2

Table legend:
 A = Turns spent in this place as a percentage of turns spent in the entire game.
 B = Non-inter-level travel turns spent in this place as a percentage of non-inter-level travel turns spent in the entire game.
 C = Inter-level travel turns spent in this place as a percentage of turns spent in this place.
 D = Turns resting spent in this place as a percentage of non-inter-level travel turns spent in this place.
 E = Turns spent auto-exploring this place as a percentage of non-inter-level travel turns spent in this place.
 F = Non-inter-level travel turns spent in this place divided by the number of levels of this place that you've seen.
                   A       B       C       D       E      F
               +-------+-------+-------+-------+-------+----------------------
         Total | 100.0 | 100.0 |   0.0 |   0.0 |   0.0 | 238.0
       Dungeon | 100.0 | 100.0 |   0.0 |   0.0 |   0.0 | 238.0
               +-------+-------+-------+-------+-------+----------------------

Table legend:
 A = Kills in this place as a percentage of kills in entire the game.
 B = Kills by you in this place as a percentage of kills by you in the entire game.
 C = Kills by friends in this place as a percentage of kills by friends in the entire game.
 D = Other kills in this place as a percentage of other kills in the entire game.
 E = Experience gained in this place as a percentage of experience gained in the entire game.
 F = Experience gained in this place divided by the number of levels of this place that you have seen.
                   A       B       C       D       E      F
               +-------+-------+-------+-------+-------+----------------------
         Total | 100.0 | 100.0 | 100.0 |  -nan | 100.0 |  15.0
       Dungeon | 100.0 | 100.0 | 100.0 |  -nan | 100.0 |  15.0
               +-------+-------+-------+-------+-------+----------------------

Vault maps used:
D:1:      roderic_octagonal_star, kennysheep_nondescript
